 Dungeon Crawl Stone Soup version 0.25-a0-734-g73332aeda9 (webtiles) character file.

Game seed: 110514503758238189, levelgen mode: deterministic

212 Maedhros the Sneak (level 5, -2/33 HPs)
             Began as an Octopode Artificer on Apr 10, 2020.
             Slain by Grinder (4 damage)
             ... while paralysed by Grinder
             ... on level 5 of the Dungeon.
             The game lasted 00:01:58 (1053 turns).

Maedhros the Sneak (Octopode Artificer)             Turns: 1053, Time: 00:01:58

Health: -2/33      AC:  1    Str: 11    XL:     5   Next: 89%
Magic:  9/9        EV:  2    Int: 13    God:
Gold:   54         SH:  0    Dex: 14    Spells: 4/4 levels left

rFire    . . .     SeeInvis .   a - +0 short sword
rCold    + . .     Gourm    .   (no shield)
rNeg     . . .     Faith    .   (helmet restricted)
rPois    +         Spirit   .   (no amulet)
rElec    .         Reflect  .   h - ring of protection from cold
rCorr    .         Harm     .   k - ring of poison resistance
MR       .....                  (no ring)
Stlth    ++++......             (no ring)
HPRegen  0.11/turn              (no ring)
MPRegen  0.11/turn              (no ring)
                                (no ring)
                                (no ring)

@: paralysed
A: almost no armour, stealthy swim, amphibious, 8 rings, constrict 8, camouflage
1, gelatinous body 1
a: no special abilities


You were on level 5 of the Dungeon.
You were not hungry.

You visited 1 branch of the dungeon, and saw 5 of its levels.

You collected 54 gold pieces.

Inventory:

Hand Weapons
 a - a +0 short sword (weapon)
Jewellery
 h - a ring of protection from cold (left tentacle)
 k - a ring of poison resistance (right tentacle)
Wands
 b - a wand of flame (11)
 c - a wand of enslavement (2)
 d - a wand of random effects (15)
 e - a wand of acid (8)
Scrolls
 g - 3 scrolls of teleportation {unknown}
Potions
 i - 2 potions of mutation {unknown}
 j - a potion of curing {unknown}
 l - a potion of degeneration {unknown}
Comestibles
 f - 3 rations


   Skills:
 - Level 1.0 Fighting
 - Level 1.0 Short Blades
 - Level 2.0 Dodging
 + Level 5.7 Stealth
 + Level 5.4 Evocations


You had 4 spell levels left.
You didn't know any spells.
Your spell library was empty.

Dungeon Overview and Level Annotations

Branches:
Dungeon (5/15)
 Temple: D:4-7

Altars:

Annotations:
D:5 Blork the orc, Grinder


Innate Abilities, Weirdness & Mutations

You cannot wear most types of armour.
You are very stealthy in the water. (Stealth+)
You are amphibious.
You can wear up to eight rings at the same time.
You can use your tentacles to constrict eight enemies at once.
Your skin changes colour to match your surroundings (Stealth+).
Your rubbery body absorbs attacks. (AC +1, EV +1)


Message History

The howler monkey struggles to resist.
Your worker ant barely misses Blork the orc.
The howler monkey hits you.
* * * LOW HITPOINT WARNING * * *
Blork the orc hits your worker ant with a +0 hand axe.
Evoke which item? (* to show all) (? for menu, Esc to quit)
Aiming: Enslavement
Press: ? - help, Shift-Dir - straight line, f/p - howler monkey
Aim: a howler monkey (chance to defeat MR: 71%)
The howler monkey is charmed.
Your worker ant bites Blork the orc.
Grinder gestures at you.
You suddenly lose the ability to move!
Blork the orc points at you and mumbles some strange words.
The puff of flame hits your worker ant!
Your worker ant dies!
Blork the orc screams, "I don't like you!"
Blork the orc casts a spell at you. The magic dart hits your howler monkey!
Your howler monkey hits Blork the orc.
Grinder hits you.
You die...

... ...# .... ...####
.# #. #.....
.#.###....# ....# ..
........ #5.## #
.........#####@.# ..
###...#.#.....oh..##...
##....#.#............#
....###.###..........#
#...#.....#...........#
....#######.......#..##
##..≈≈≈≈≈≈≈..#...#####
###.#######..#####
#.#.....#.##


You could see Grinder, Blork the orc and a friendly howler monkey.

Vanquished Creatures
  Menkaure (D:5)
  A howler monkey (D:4)
  2 adders
  A worm (D:2)
  An orc (D:4)
  4 giant cockroaches
  5 hobgoblins
  2 jackals (D:4)
  A quokka (D:4)
  3 bats
  4 frilled lizards
  A kobold (D:1)
26 creatures vanquished.

Vanquished Creatures (collateral kills)
  2 orcs (D:4)
  A giant cockroach (D:4)
  2 jackals (D:4)
5 creatures vanquished.

Vanquished Creatures (others)
  A worker ant (D:5)
  An orc (D:4)
2 creatures vanquished.

Grand Total: 33 creatures vanquished

Notes
Turn   | Place    | Note
-------+----------+-------------------------------------------
     0 | D:1      | Maedhros the Octopode Artificer began the quest for the
                  | Orb.
     0 | D:1      | Reached XP level 1. HP: 13/13 MP: 3/3
   106 | D:1      | Reached XP level 2. HP: 17/18 MP: 4/4
   389 | D:2      | Reached XP level 3. HP: 20/23 MP: 5/5
   954 | D:4      | Reached XP level 4. HP: 27/28 MP: 7/7
   969 | D:5      | Entered Level 5 of the Dungeon
   969 | D:5      | Noticed Menkaure
   983 | D:5      | Killed Menkaure
   983 | D:5      | Reached skill level 5 in Stealth
   983 | D:5      | Reached skill level 5 in Evocations
   983 | D:5      | Reached XP level 5. HP: 18/33 MP: 7/9
  1042 | D:5      | Noticed Blork the orc
  1046 | D:5      | Noticed Grinder
  1051 | D:5      | Paralysed by Grinder for 7 turns
  1053 | D:5      | Slain by Grinder

Levels and vault maps discovered:
D:1:      dpeg_arrival_more_subterranean_lakeside_camping, layout_loops_ring,
          minmay_misc_feat_five
D:2:      layout_loops_cross, first_ration, serial_park_tiny_pond
D:3:      layout_loops_ring, serial_co_window_serial, co_window_paths_a,
          co_window_paths_a, co_window_of_opportunity_a, co_window_paths_a,
          co_window_of_opportunity_a, co_window_corner_b, co_window_corner_cb,
          co_window_paths_c, glass_columns_a, glass_columns_b, glass_columns_a,
          glass_columns_b, glass_columns_a, xom_redecorated
D:4:      layout_rooms, uniq_eustachio, uniq_robin
D:5:      layout_cave_pools, grunt_decor_cap, uniq_menkaure, uniq_grinder,
          uniq_blork_the_orc

Skill      XL: |  1  2  3  4 |
---------------+-------------+-----
Stealth        | 2 3 4 5 |  5.7
Evocations     | 4 5 |  5.4
Fighting       | |  1.0
Short Blades   | |  1.0
Dodging        | |  2.0

Action                   |  1- 3 |  4- 6 || total
-------------------------+-------+-------++-------
Melee: Short sword       |    67 |     5 ||    72
       Constrict         |    15 |     3 ||    18
       Tentacles         |     7 |     1 ||     8
Evoke: Wand              |     6 |    11 ||    17
  Use: Potion            |     1 |       ||     1
 Stab: Sleeping          |     5 |       ||     5
Armor: Skin              |    71 |       ||    71
Dodge: Dodged            |    44 |     7 ||    51

Table legend:
 A = Non-vault XP
 B = Vault XP
 C = Vault XP percentage of total XP
 D = Non-vault monster count
 E = Vault monster count
 F = Vault count percentage of total count
                 A         B        C        D         E       F
            +---------+---------+-------+---------+---------+-------
      Total |     131 |     172 |  56.8 |      31 |       1 |   3.1
            +---------+---------+-------+---------+---------+-------
        D:1 |      15 |       0 |   0.0 |       9 |       0 |   0.0
        D:2 |      24 |       0 |   0.0 |       6 |       0 |   0.0
        D:3 |       2 |       0 |   0.0 |       1 |       0 |   0.0
        D:4 |      83 |       0 |   0.0 |      13 |       0 |   0.0
        D:5 |       7 |     172 |  96.1 |       2 |       1 |  33.3
            +---------+---------+-------+---------+---------+-------
